 Dungeon Crawl Stone Soup version 0.25.1-2-g60ff931df9 (webtiles) character file.

Game seed: 9243530569981867317

12009 Stomo the Transmogrifier (level 11, -6/58 HPs)
             Began as a Vine Stalker Transmuter on Oct 7, 2020.
             Was a High Priest of Dithmenos.
             Mangled by a troll (13 damage)
             ... led by an orc warlord
             ... on level 2 of the Orcish Mines on Oct 17, 2020.
             The game lasted 00:44:12 (13768 turns).

Stomo the Transmogrifier (Vine Stalker Transmuter) Turns: 13768, Time: 00:44:13

Health: -6/58      AC:  4    Str: 22    XL:     11   Next: 86%
Magic:  0/25       EV: 15    Int: 13    God:    Dithmenos [*****.]
Gold:   796        SH:  5    Dex: 15    Spells: 19/28 levels left

rFire    + . .     SeeInvis .     - Unarmed
rCold    + . .     Gourm    .   (shield currently unavailable)
rNeg     . . .     Faith    .   p - +2 robe {MR+}
rPois    .         Spirit   +   (no helmet)
rElec    .         Reflect  +   i - scarf {rC+ rF+}
rCorr    .         Harm     .   (gloves currently unavailable)
MR       ++...     Rnd*Tele +   (no boots)
Stlth    ++........             o - amulet of reflection
HPRegen  0.59/turn              G - +6 ring of strength
MPRegen  0.19/turn              (no ring)

@: blade hands, wreathed by umbra, studying Translocations
A: fangs 3, talons 1, regeneration 1, teleportitis 1, magic shield, antimagic
bite, no potion heal 3, rot immunity
a: End Transformation, Shadow Step, Shadow Form, Renounce Religion


You were on level 2 of the Orcish Mines.
You worshipped Dithmenos.
Dithmenos was extremely pleased with you.
You were not hungry.
You had blades for hands.
You visited 3 branches of the dungeon, and saw 14 of its levels.
You also visited: Sewer.

You collected 796 gold pieces.

Inventory:

Missiles
 a - 276 arrows
Armour
 b - a +0 robe
 i - a scarf of resistance (worn)
 p - a +2 robe of magic resistance (worn)
 J - the cursed +1 scale mail "Qoiv" {Int+9, unknown}
   (You found it on level 8 of the Dungeon)

   It affects your intelligence (+9).
   It has a curse placed upon it.
Jewellery
 m - a cursed amulet of inaccuracy
 o - an amulet of reflection (around neck)
 s - an uncursed ring of ice
 E - an uncursed ring of fire
 G - a +6 ring of strength (left scythe-like blade)
 I - an uncursed ring of attention
Wands
 t - a wand of disintegration (12)
 u - a wand of random effects (15)
 y - a wand of acid (7)
 F - a wand of paralysis (13)
 H - a wand of iceblast (12)
 M - a wand of clouds (5)
 N - a wand of enslavement (6)
Scrolls
 e - 2 scrolls of amnesia
 f - a scroll of fear
 g - 2 scrolls of magic mapping
 h - 3 scrolls of enchant armour
 j - 2 scrolls of enchant weapon {unknown}
 k - 3 scrolls of fog
 l - 3 scrolls of immolation {unknown}
 q - 3 scrolls of noise {unknown}
 r - 3 scrolls of teleportation
 v - 6 scrolls of remove curse
 w - a scroll of random uselessness
 A - 11 scrolls of identify
 K - 4 scrolls of vulnerability {unknown}
Potions
 c - a potion of mutation
 n - 7 potions of stabbing {unknown}
 x - 5 potions of lignification {unknown}
 z - 7 potions of curing {unknown}
 B - 2 potions of might {unknown}
 C - 2 potions of flight {unknown}
 D - a potion of brilliance {unknown}
 P - a potion of haste {unknown}
 Q - a potion of degeneration {unknown}
Books
 L - a manual of Translocations
Comestibles
 d - 16 rations


   Skills:
 + Level 7.1 Fighting
 + Level 5.8 Dodging
 + Level 6.9 Unarmed Combat
 + Level 9.0 Spellcasting
 + Level 11.4 Transmutations


You had 19 spell levels left.
You knew the following spells:

 Your Spells              Type           Power        Failure   Level  Hunger
a - Beastly Appendage     Tmut           #####.       7%          1    None
b - Spider Form           Tmut/Pois      ###.......   28%         3    ##.....
c - Blade Hands           Tmut           #####.....   26%         5    #####..

Your spell library contained the following spells:

 Spells                   Type           Power        Failure   Level  Hunger
 Sticks to Snakes         Tmut           #####...     9%          2    None
 Summon Small Mammal      Summ           #...         50%         1    None
 Ice Form                 Ice/Tmut       ###.....     50%         4    ####...
 Call Imp                 Summ           #.......     61%         2    None
 Call Canine Familiar     Summ           #.......     78%         3    ##.....
 Summon Guardian Golem    Hex/Summ       #.......     78%         3    ##.....
 Summon Ice Beast         Ice/Summ       #.......     97%         4    ####...
 Summon Lightning Spire   Summ/Air       #.......     97%         4    ####...


Dungeon Overview and Level Annotations

Branches:
Dungeon (11/15)            Temple (0/1) D:7            Lair (1/6) D:11
    Orc (2/2) D:11          Sewer (visited)
    Elf: Orc:2

Altars:
Ashenzari
Dithmenos
Fedhas
Makhleb
Ru
Sif Muna
Trog
Uskayaw
Xom

Shops:
D:5 ?   D:11 !(*}


Innate Abilities, Weirdness & Mutations

You have razor-sharp teeth.
Your natural rate of healing is unusually fast.
When hurt, damage is shared between your health and your magic reserves.
Your bite disrupts and absorbs the magic of your enemies.
Potions cannot restore your health.
You are immune to rotting.
You have sharp toenails.
You are occasionally teleported next to monsters.


Message History

Casting: Blade Hands (dangerous; 3% risk of failure)
Confirm with . or Enter, or press ? or * to list all spells.
Your hands turn into razor-sharp scythe blades.
Unknown command.
You climb downwards.
The warg bites you!
The orc wizard looks encouraged for a moment.
The orc priest invokes the aid of Beogh against you.
Beogh smites you! The orc warrior misses you.
The orc warlord roars a battlecry!
The orcs go into a battle-frenzy!
The troll bites you! The troll closely misses you.
You block the troll's attack. The orc warrior misses you.
The orc wizard casts a spell.
The orc wizard flickers and vanishes!
Deactivating autopickup; reactivate with Ctrl-A.
The warg completely misses you. The warg bites you.
The orc warrior hits you with a +0 hand axe!!
* * * LOW HITPOINT WARNING * * *
The troll bites you!
You die...

#..#..........
#....... ..{..
#.............
#.............
##......#......
#..............
.......T.......
..o...o@hoo....
$....o.h.oo....
....o#####....$
.... .... ...
... .. .. . #


You could see an orc warlord, a troll, 2 wargs, 4 orc warriors, an orc priest
(strong), an orc wizard and an orc (strong).

Vanquished Creatures
  A two-headed ogre (D:11)
  The ghost of Godmorgon the Quickloader, a novice CeHu of Okawaru (D:8)
  An orc sorcerer (Orc:1)
  An ugly thing (D:11)
  A troll (D:11)
  The ghost of Patoropollo the Shield-Bearer, an amateur FoFi (D:4)
  2 hippogriffs (D:8)
  A spriggan (D:7)
  6 yaks (D:11)
  Sigmund (D:5)
  A vampire (D:11)
  2 wyverns
  A basilisk (Lair:1)
  A vampire mosquito (D:8)
  2 wargs (Orc:1)
  3 water moccasins
  6 orc warriors
  3 ice beasts
  8 sky beasts
  A necrophage (D:9)
  A phantom (D:6)
  The ghost of axecop the Chopper, an amateur DsAK of Lugonu (D:5)
  10 centaurs
  4 ogres
  4 big kobolds
  8 bullfrogs
  17 killer bees
  A howler monkey (D:4)
  8 crimson imps
  A quasit (D:9)
  A jelly (D:9)
  7 hounds
  6 orc priests
  3 centaur skeletons
  5 iguanas
  A bullfrog skeleton (D:4)
  8 orc wizards
  10 worker ants
  A bullfrog simulacrum (D:4)
  2 hound skeletons
  A mummy (D:6)
  A howler monkey zombie (D:6)
  14 gnolls
  13 adders
  5 river rats (Sewer)
  A shadow imp (D:9)
  A howler monkey simulacrum (D:4)
  A white imp (D:4)
  A worker ant simulacrum (D:4)
  An ooze (Sewer)
  An adder skeleton (D:4)
  An adder zombie (D:6)
  5 worms
  An adder simulacrum (D:4)
  4 leopard geckos
  38 orcs
  2 bats (D:2)
  5 giant cockroaches
  11 hobgoblins
  25 jackals
  6 quokkas
  8 ball pythons
  2 frilled lizards
  7 goblins
  2 hobgoblin zombies (D:6)
  33 kobolds
  A kobold zombie (D:6)
  2 leopard gecko skeletons (D:4)
  2 leopard gecko zombies (D:6)
  An orc zombie (D:6)
  A quokka zombie (D:6)
  29 rats
  A plant (D:2)
370 creatures vanquished.

Vanquished Creatures (others)
  A kobold (D:11)
1 creature vanquished.

Grand Total: 371 creatures vanquished

Notes
Turn   | Place    | Note
-------+----------+-------------------------------------------
     0 | D:1      | Stomo the Vine Stalker Transmuter began the quest for the
                  | Orb.
     0 | D:1      | Reached XP level 1. HP: 9/9 MP: 4/4
   495 | D:1      | Reached XP level 2. HP: 14/14 MP: 6/6
  1391 | D:1      | Reached XP level 3. HP: 12/17 MP: 4/7
  1510 | D:2      | Found a shimmering altar of Xom.
  1600 | D:2      | Gained mutation: You are occasionally teleported next to
                  | monsters. [potion of mutation]
  1600 | D:2      | Gained mutation: You have sharp toenails. [potion of
                  | mutation]
  2156 | D:2      | Gained mutation: Your natural rate of healing is unusually
                  | fast. [Vine Stalker growth]
  2156 | D:2      | Reached XP level 4. HP: 17/21 MP: 6/8
  2845 | D:3      | Found a sacrificial altar of Ru.
  2854 | D:3      | Reached XP level 5. HP: 25/25 MP: 9/9
  3066 | D:3      | Reached skill level 1 in Fighting
  3833 | D:4      | Reached skill level 3 in Transmutations
  3833 | D:4      | Reached XP level 6. HP: 24/30 MP: 9/11
  4076 | D:4      | Found a runed translucent gate.
  4076 | D:4      | Found a runed translucent gate.
  4076 | D:4      | Found a runed translucent gate.
  4226 | D:4      | Found a bloodstained altar of Trog.
  4258 | D:4      | Reached skill level 4 in Transmutations
  4327 | D:4      | Noticed Patoropollo's ghost (amateur FoFi)
  4327 | D:4      | Noticed an ice beast
  4563 | D:5      | Entered Level 5 of the Dungeon
  4563 | D:5      | Found Meloej's Magic Scroll Boutique.
  4636 | D:5      | Found a large runed translucent door.
  4637 | D:5      | Found a large runed translucent door.
  4639 | D:5      | Noticed axecop's ghost (amateur DsAK)
  4644 | D:5      | Noticed a water moccasin
  4664 | D:5      | Learned a level 3 spell: Spider Form
  4711 | D:5      | Killed a water moccasin
  4711 | D:5      | Reached XP level 7. HP: 35/35 MP: 5/13
  5003 | D:5      | Found a glowing drain.
  5070 | Sewer    | Entered a sewer
  5141 | Sewer    | Reached skill level 5 in Transmutations
  5689 | Sewer    | Gained mutation: You have razor-sharp teeth. [Vine Stalker
                  | growth]
  5689 | Sewer    | Reached XP level 8. HP: 40/40 MP: 9/15
  6129 | D:5      | Noticed Sigmund
  6145 | D:5      | Killed Sigmund
  6145 | D:5      | Reached skill level 6 in Transmutations
  6346 | D:5      | Learned a level 5 spell: Blade Hands
  6370 | D:5      | Found a shimmering blue altar of Sif Muna.
  6371 | D:5      | Found a shadowy altar of Dithmenos.
  6371 | D:5      | Found a hide-covered altar of Uskayaw.
  6412 | D:5      | Became a worshipper of Dithmenos the Shadowed
  6833 | D:5      | Killed axecop's ghost
  7011 | D:4      | Reached skill level 5 in Spellcasting
  7078 | D:4      | Killed Patoropollo's ghost
  7078 | D:4      | Reached skill level 7 in Transmutations
  7078 | D:4      | Reached XP level 9. HP: 28/46 MP: 9/18
  7380 | D:6      | Reached * piety under Dithmenos
  7408 | D:6      | Reached skill level 8 in Transmutations
  7416 | D:6      | Reached skill level 5 in Fighting
  8346 | D:7      | Found a shattered altar of Ashenzari.
  8448 | D:7      | Found a staircase to the Ecumenical Temple.
  8776 | D:7      | Reached skill level 9 in Transmutations
  8893 | D:7      | Found a burning altar of Makhleb.
  9138 | D:8      | Reached ** piety under Dithmenos
  9198 | D:8      | Reached XP level 10. HP: 49/51 MP: 16/21
  9294 | D:8      | Found a runed translucent door.
  9294 | D:8      | Noticed Godmorgon's ghost (novice CeHu)
  9388 | D:8      | Killed Godmorgon's ghost
  9388 | D:8      | Reached skill level 10 in Transmutations
 10188 | D:8      | Got an encrusted scale mail
 10389 | D:9      | Found a blossoming altar of Fedhas.
 10541 | D:9      | Reached skill level 5 in Unarmed Combat
 10547 | D:9      | Reached *** piety under Dithmenos
 11015 | D:9      | Reached XP level 11. HP: 48/56 MP: 21/24
 11296 | D:10     | Entered Level 10 of the Dungeon
 12027 | D:11     | Noticed a purple ugly thing
 12037 | D:11     | Killed a purple ugly thing
 12145 | D:11     | Reached skill level 5 in Dodging
 12227 | D:11     | Reached **** piety under Dithmenos
 12244 | D:11     | Reached skill level 11 in Transmutations
 12294 | D:11     | Found Bueted's Gadget Emporium.
 12420 | D:11     | Found a staircase to the Lair.
 12429 | D:11     | Noticed a two-headed ogre
 12438 | D:11     | Killed a two-headed ogre
 12694 | D:11     | Found a staircase to the Orcish Mines.
 12698 | D:11     | Found Atugabiq's Weapon Boutique.
 12785 | D:11     | Found Qostraty's Distillery.
 13158 | D:11     | Found Letrarch's General Store.
 13276 | Orc:1    | Entered Level 1 of the Orcish Mines
 13297 | D:11     | HP: 1/58 [troll (13)]
 13527 | Lair:1   | Entered Level 1 of the Lair of Beasts
 13590 | Orc:1    | Reached ***** piety under Dithmenos
 13693 | Orc:2    | Entered Level 2 of the Orcish Mines
 13693 | Orc:2    | Noticed an orc sorcerer
 13693 | Orc:2    | Noticed an orc warlord
 13698 | Orc:1    | Killed an orc sorcerer
 13768 | Orc:2    | Mangled by a troll

Illustrated notes

Levels and vault maps discovered:
D:1:      scummos_arrival_forest, layout_basic
D:2:      layout_loops_ring, brannock_xom_greatest_gift, serial_bayou_lake_a
D:3:      layout_basic, nicolae_ru_great_annihilating_truth
D:4:      layout_cave_pools, gammafunk_ghost_icy, serial_glass, glass_columns_b,
          glass_columns_a, first_ration, st_stairs_10, trog_hazing_becter
D:5:      layout_basic, grunt_temple_overflow_open, ebering_ghost_disaster_area,
          cheibrodos_sewer_entry_bend, serial_shops, shop_scrolls, uniq_sigmund
D:6:      layout_rooms, minmay_mini_ossuary
D:7:      layout_basic, makhleb_grotto_becter, minmay_temple_entry_proselytizer,
          the_bakery, ashenzari_altar_1
D:8:      layout_basic, gammafunk_ghost_grave, minmay_manual_mail
D:9:      layout_roguey, fedhas_altar_1
D:10:     layout_stronghold, kennysheep_minor_cross, kennysheep_generic_room_8
D:11:     layout_roguey, lair_entry_dummy, orc_david_3, serial_shops,
          kennysheep_mini_moat, shop, nicolae_shop_stone
Lair:1:   layout_regular_city
Orc:1:    layout_diamond_mine, basic_altar
Orc:2:    grunt_orc_community_town_hall, layout_caves,
          grunt_orc_community_big_house_1, grunt_orc_community_big_house_2,
          grunt_orc_community_house_2, grunt_orc_community_house_2,
          grunt_orc_community_house_1, grunt_orc_community_house_3,
          grunt_orc_community_house_2, grunt_orc_community_house_2, basic_altar,
          special_room, serial_shops, shop, nicolae_shop_trees, uniq_sonja,
          uniq_saint_roka, uniq_josephine

Skill      XL: |  1  2  3  4  5  6  7  8  9 10 11 |
---------------+----------------------------------+-----
Dodging        | 2 3 4 5 |  5.8
Fighting       | 1 2 3 4 5 6 7 |  7.1
Transmutations | 3 4 5 7 9 10 11 | 11.4
Spellcasting   | 3 4 5 6 8 9 |  9.0
Unarmed Combat | 5 6 |  6.9

Action                   |  1- 3 |  4- 6 |  7- 9 | 10-12 || total
-------------------------+-------+-------+-------+-------++-------
Melee: Unarmed           |    88 |   245 |   325 |   276 ||   934
       Headbutt          |    12 |    40 |     5 |       ||    57
       Bite              |    10 |    57 |    41 |    68 ||   176
       Kick              |    12 |    67 |    46 |    66 ||   191
       Punch             |     1 |     4 |     4 |     5 ||    14
 Cast: Beastly Appendage |    22 |    46 |     9 |       ||    77
       Spider Form       |       |     2 |    16 |       ||    18
       Blade Hands       |       |       |    27 |    48 ||    75
  Use: Scroll            |     2 |     1 |    10 |       ||    13
       Potion            |     2 |       |       |       ||     2
 Stab: Paralysed         |       |     1 |       |       ||     1
  Eat: Chunk             |     4 |    10 |    16 |    20 ||    50
       Ration            |       |       |     3 |     3 ||     6
Armor: Robe              |    24 |    20 |    20 |    21 ||    85
       Skin              |       |     1 |     6 |       ||     7
Dodge: Dodged            |    85 |   149 |   252 |   178 ||   664
Block: Other             |       |    42 |    82 |    60 ||   184
       Reflection        |       |     2 |     6 |     6 ||    14
